 Dungeon Crawl Stone Soup version 0.30-a0-1008-g30c9307041 (webtiles) character file.

Game seed: 17533494415356381571

1964 bande the Shield-Bearer (level 9, -13/54 HPs)
             Began as a Gargoyle Fighter on Apr 5, 2023.
             Was a Believer of Okawaru.
             Blown up by Joseph (16 damage)
             ... with a mindburst bolt
             ... on level 7 of the Dungeon.
             The game lasted 00:10:19 (4903 turns).

bande the Shield-Bearer (Gargoyle Fighter)          Turns: 4903, Time: 00:10:21

Health: -13/54     AC: 24    Str: 20    XL:     9   Next: 19%
Magic:  0/11       EV:  2    Int:  9    God:    Okawaru [**....]
Gold:   327        SH: 16    Dex: 19    Spells: 8/8 levels left

rFire   . . .      SeeInvis .    a - +0 war axe (spect)
rCold   . . .      Faith    .    v - +0 tower shield
rNeg    + . .      Spirit   +    m - +0 plate armour
rPois   ∞          Reflect  .    w - +1 hat
rElec   +          Rampage  .    n - +0 cloak
rCorr   .          Clarity  +    z - +1 pair of gloves {Stlth+}
Will    .....                    A - +0 pair of boots Stlth
                                 o - amulet of guardian spirit
HPRegen 0.29/turn                g - +6 ring of dexterity
MPRegen 0.12/turn                (no ring)

@: mighty
A: sickness immunity, AC +6, negative energy resistance 1, electricity
resistance, torment resistance 1, petrification resistance, clarity, mutation
resistance 1
a: Renounce Religion, Heroism


You were on level 7 of the Dungeon.
You worshipped Okawaru.
Okawaru was pleased with you.
You visited 2 branches of the dungeon, and saw 8 of its levels.

You collected 422 gold pieces.
You spent 95 gold pieces at shops.

Inventory:

Hand Weapons
 a - a +0 spectral war axe (weapon)
 j - a +1 heavy war axe
 x - a +3 flail of protection
Missiles
 i - a throwing net (quivered)
Armour
 m - a +0 plate armour (worn)
 n - a +0 cloak (worn)
 v - a +0 tower shield (worn)
 w - a +1 hat (worn)
 z - a +1 pair of gloves of stealth (worn)
 A - a +0 pair of boots (worn)
Jewellery
 g - a +6 ring of dexterity (left hand)
 o - an amulet of guardian spirit (around neck)
Wands
 p - a wand of mindburst (21)
 r - a wand of charming (18)
 s - a wand of polymorph (11)
 t - a wand of iceblast (12)
Scrolls
 c - a scroll of magic mapping
 e - 6 scrolls of teleportation
 q - 3 scrolls of brand weapon
Potions
 b - a potion of magic {unknown}
 d - 2 potions of might
 f - 3 potions of berserk rage
 k - 3 potions of mutation
 l - 2 potions of invisibility
 u - a potion of heal wounds {unknown}
 B - a potion of brilliance {unknown}
 C - 2 potions of haste
 D - a potion of curing {unknown}
 E - a potion of flight {unknown}


   Skills:
 + Level 5.1 Fighting
 + Level 6.5 Axes
 + Level 5.8 Armour
 - Level 1.1 Stealth
 + Level 6.5 Shields
 * Level 2.9 Invocations
 * Level 3.9 Evocations


You had 8 spell levels left.
You didn't know any spells.
Your spell library contained the following spells:

 Spells                   Type           Power      Damage    Failure   Level
 Shock                    Conj/Air       0%         1d3       100%        1
 Swiftness                Air            0%         N/A       100%        3
 Airstrike                Air            0%         2d(0-16)  100%        4


Dungeon Overview and Level Annotations

Branches:
Dungeon (7/15)             Temple (1/1) D:5

Altars:
Ashenzari
Dithmenos
Elyvilon
Gozag
Kikubaaqudgha
Makhleb
Nemelex Xobeh
Okawaru
Ru
Sif Muna
Trog
Vehumet
Wu Jian
Xom
Yredelemnul
Zin
The Shining One

Shops:
D:2 ?   D:3 ?   D:7 *

Annotations:
D:7 Joseph


Innate Abilities, Weirdness & Mutations

You are immune to sickness and miasma.
Your stone body is resilient. (AC +6)
You are immune to poison.
You resist negative energy. (rN+)
You are resistant to electric shocks. (rElec)
You are resistant to unholy torment.
You are immune to petrification.
You possess an exceptional clarity of mind.
You are somewhat resistant to further mutation.


Message History

Your +0 spectral war axe hits Joseph!
Joseph hits you with a +0 quarterstaff. You block Joseph's attack.
You barely miss Joseph.
Joseph is moderately wounded.
Your +0 spectral war axe hits Joseph but does no damage.
Joseph zaps a wand.
Your mind is blasted!
You barely miss Joseph.
Joseph is moderately wounded.
Your +0 spectral war axe completely misses Joseph.
Joseph hits you with a +0 quarterstaff. You block Joseph's attack.
You hit Joseph.
Joseph is heavily wounded.
Your +0 spectral war axe hits Joseph.
Your +0 spectral war axe fades away.
You block Joseph's attack. Joseph hits you with a +0 quarterstaff.
You hit Joseph but do no damage.
Joseph is heavily wounded.
Your +0 spectral war axe barely misses Joseph.
Joseph says, "I've waited for this moment for such a long time."
Joseph zaps a wand.
Your mind is blasted!
* * * LOW HITPOINT WARNING * * *
You hit Joseph.
Joseph is heavily wounded.
Your +0 spectral war axe hits Joseph!
Joseph hits you but does no damage.
Joseph zaps a wand.
You struggle to resist.
You feel very mighty all of a sudden.
Joseph shouts, "I love to fight!
I love killing!"
Joseph zaps a wand.
You struggle to resist.
You slash Joseph!
Joseph is almost dead.
Your +0 spectral war axe barely misses Joseph.
Joseph hits you with a +0 quarterstaff.
* * * LOW HITPOINT WARNING * * *
You barely miss Joseph.
Joseph is almost dead.
Your +0 spectral war axe barely misses Joseph.
Joseph zaps a wand.
Your mind is blasted!
* * * LOW HITPOINT WARNING * * *
Joseph zaps a wand.
Your mind is blasted!
You die...

####..#............## .#.
.................... #...
.####..#..##....#..#######...♣
...........................#..
##.#....####.#...............
#.#.#### #.#..#.........#
##...# #####.#..##........#
...### #........##......?.#
..######.#.# #.@@........#
.##.......# ##.(#####....#
.##.......# ♣♣.....♣##......#
###.......#♣♣......♣.#..y...#
# #.......#♣∩.⌠..§§§§#...y#..#
###.####.##♣♣......§§#####....
....# #..# ♣♣...§§♣## ....
##### ##.#####..### .. #
#........#


You could see Joseph and a friendly +0 spectral war axe (summoned).

Vanquished Creatures
  Edmund (D:5)
  2 ice beasts
  A black bear (D:6)
  2 sky beasts (D:7)
  An orc warrior (D:7)
  An ogre (D:6)
  2 bullfrogs (D:6)
  A gnoll sergeant (D:4)
  3 scorpions
  4 wights (D:5)
  4 killer bees (D:7)
  A sleepcap (D:5)
  2 iguanas
  Natasha (thrice) (D:2)
  2 orc wizards
  Ijyb (D:3)
  5 gnolls
  9 adders
  A shadow imp (D:6)
  A white imp (D:6)
  2 worms
  3 dart slugs
  10 orcs
  10 endoplasms
  7 giant cockroaches
  6 goblins
  6 hobgoblins
  7 jackals (D:1)
  A quokka (D:3)
  5 ball pythons
  7 bats
  6 frilled lizards
  9 kobolds
  9 rats
135 creatures vanquished.

Notes
Turn   | Place    | Note
-------+----------+-------------------------------------------
     0 | D:1      | bande the Gargoyle Fighter began the quest for the Orb.
     0 | D:1      | Reached XP level 1. HP: 14/14 MP: 1/1
    84 | D:1      | Reached XP level 2. HP: 19/19 MP: 2/2
   279 | D:1      | Reached XP level 3. HP: 17/23 MP: 3/3
   818 | D:2      | Found Gityar's Magic Scroll Shoppe.
   855 | D:2      | Reached skill level 1 in Stealth
  1103 | D:2      | Noticed Natasha
  1109 | D:2      | Reached XP level 4. HP: 29/29 MP: 4/4
  1115 | D:2      | Killed Natasha
  1376 | D:2      | Noticed Natasha
  1390 | D:2      | Killed Natasha
  1391 | D:2      | Reached XP level 5. HP: 30/33 MP: 5/5
  1406 | D:2      | Noticed Natasha
  1417 | D:2      | Killed Natasha
  1694 | D:3      | Found Qonla's Magic Scroll Emporium.
  1702 | D:3      | Bought a scroll of brand weapon for 95 gold pieces
  1771 | D:3      | Noticed Ijyb
  1782 | D:3      | Killed Ijyb
  1958 | D:3      | Gained mutation: You possess an exceptional clarity of
                  | mind. [potion of mutation]
  1958 | D:3      | Gained mutation: You are somewhat resistant to further
                  | mutation. [potion of mutation]
  2293 | D:4      | Reached XP level 6. HP: 38/38 MP: 6/6
  2795 | D:5      | Entered Level 5 of the Dungeon
  2825 | D:4      | Reached skill level 1 in Evocations
  3368 | D:5      | Noticed Edmund
  3387 | D:5      | Killed Edmund
  3388 | D:5      | Reached XP level 7. HP: 39/44 MP: 5/7
  3571 | D:5      | Reached skill level 5 in Shields
  3655 | D:5      | Reached skill level 5 in Axes
  3657 | D:5      | Reached skill level 5 in Armour
  3659 | D:5      | Reached XP level 8. HP: 36/48 MP: 6/8
  3744 | D:5      | Found a staircase to the Ecumenical Temple.
  3779 | Temple   | Entered the Ecumenical Temple
  3815 | Temple   | Became a worshipper of Warmaster Okawaru
  4148 | D:6      | Reached skill level 1 in Invocations
  4512 | D:6      | Reached * piety under Okawaru
  4571 | D:7      | Found a white marble altar of Elyvilon.
  4633 | D:7      | Identified the +6 falchion of Suemuf {spect, rElec Str+3
                  | Dex+3 SInv}
  4664 | D:7      | Reached skill level 5 in Fighting
  4664 | D:7      | Reached XP level 9. HP: 47/54 MP: 10/10
  4848 | D:7      | Found Paibuxics's Fire Supplies.
  4887 | D:7      | Noticed Joseph
  4891 | D:7      | Reached ** piety under Okawaru
  4903 | D:7      | Blown up by Joseph

Illustrated notes

Levels and vault maps discovered:
D:1:      kennysheep_arrival_forest, layout_rooms, minmay_box_of_dots
D:2:      layout_loops_ring, serial_shops, shop, minmay_3d_cube, uniq_natasha
D:3:      minmay_diamond_boxcup, layout_rooms, serial_shops, shop,
          minmay_increasing_density, uniq_ijyb
D:4:      layout_gridville
D:5:      layout_rooms, minmay_temple_entry_hall, uniq_edmund
D:6:      layout_basic, dk_noncrumbling_4, patterned_corridor
D:7:      layout_rooms, elyvilon_altar_5, chei_slow_surprise,
          ebering_ghost_rock_garden, nicolae_shop_fire_sale
          [nicolae_sub_dead_trees], grunt_ministairs_10,
          hangedman_decor_slide_cut, uniq_joseph
Temple:   nicolae_temple_two_arcs

Skill      XL: |  1  2  3  4  5  6  7  8 |
---------------+-------------------------+-----
Axes           | 2 3 4 5 6 |  6.5
Stealth        | 1 |  1.1
Fighting       | 4 5 |  5.1
Armour         | 4 5 |  5.8
Shields        | 4 5 6 |  6.5
Evocations     | 1 2 3 |  3.9
Invocations    | 2 |  2.9

Action                     |  1- 3 |  4- 6 |  7- 9 || total
---------------------------+-------+-------+-------++-------
  Melee: War axe           |   130 |   154 |   150 ||   434
    Use: Scroll            |     3 |     6 |     4 ||    13
         Potion            |       |     1 |     1 ||     2
   Stab: Distracted        |       |     1 |     1 ||     2
 Armour: Scale mail        |    91 |    43 |       ||   134
         Plate armour      |       |    28 |    97 ||   125
  Dodge: Dodged            |    75 |    29 |    15 ||   119
  Block: Buckler           |    37 |    22 |       ||    59
         Tower shield      |       |    64 |   127 ||   191

Table legend: (Time is in decaauts)
 A = Elapsed time spent in this place.
 B = Non-inter-level travel time spent in this place.
 C = Inter-level travel time spent in this place.
 D = Time resting spent in this place.
 E = Time spent auto-exploring this place.
 F = Levels seen in this place.
 G = Mean time per level.
                   A        B        C        D        E       F      G
               +--------+--------+--------+--------+--------+-----+--------+
         Total |   5136 |   5041 |     95 |    551 |   3082 |   8 |  642.0 |
       Dungeon |   5080 |   4985 |     95 |    551 |   3082 |   7 |  725.7 |
        Temple |     56 |     56 |      0 |      0 |      0 |   1 |   56.0 |
               +--------+--------+--------+--------+--------+-----+--------+

Top non-repeatable levels by time:
     D:4: 1107 daAuts
     D:2: 909 daAuts
     D:5: 806 daAuts
     D:1: 718 daAuts
     D:3: 587 daAuts
     D:6: 579 daAuts
     D:7: 371 daAuts
  Temple: 56 daAuts
